AoeStats
← uli2099

Arena

510049051Analyzed
2v2 RM · 4d ago on Sep 29, 2026· 52m 59s· 4 players
Game mode
Random Map
Map size
Medium (4 player)
Population
200
Speed
Normal
Resources
Standard
Victory
Conquest
Starting age
Dark Age
Ending age
Imperial Age
RankedLock teamsTeams togetherTeam positionsShared explorationLock speedFull tech treeHidden civsTurbo modeCheats
Victory
Defeat
🇩🇪 Teutons · Germany
1335
+18
🇩🇪 Persians · Germany
1308
+20
🇨🇳 Celts · China
1381
-19
🇸🇬 Burgundians · Singapore
1381
-19
Fungus_Maximus
7:23 Loom
9:33 Feudal Age
11:08 Fletching
13:13 Double-Bit Axe
24:45 Castle Age
23:46 Scale Mail Armor
23:56 Forging
23:29 Horse Collar
24:45 Gold Mining
24:50 Stone Mining
26:18 Pikeman
26:59 Squires
26:45 Arson
27:44 Bow Saw
29:18 Heavy Plow
30:25 Town Watch
31:18 Wheelbarrow
37:35 Imperial Age
36:07 Chain Mail Armor
36:35 Stone Shaft Mining
37:02 Iron Casting
37:26 Masonry
37:30 Fortified Wall
37:26 Bodkin Arrow
39:19 Chemistry
38:26 Onager
39:22 Siege Engineers
40:30 Halberdier
42:15 Plate Mail Armor
42:45 Blast Furnace
42:11 Bloodlines
42:15 Cavalier
46:59 Scale Barding Armor
47:40 Crop Rotation
48:12 Two-Man Saw
47:32 Hand Cart
48:04 Paladin
48:43 Gambesons
48:18 Man-at-Arms
48:22 Heavy Scorpion
49:28 Conscription
48:29 Elite Teutonic Knight
51:07 Long Swordsman
uli2099
9:55 Feudal Age
11:31 Loom
14:39 Castle Age
13:12 Double-Bit Axe
14:25 Bloodlines
14:09 Horse Collar
18:34 Scale Barding Armor
21:25 Forging
22:13 Bow Saw
25:24 Wheelbarrow
25:42 Iron Casting
25:47 Wheelbarrow
25:17 Gold Mining
27:17 Hand Cart
27:54 Gold Shaft Mining
29:33 Heavy Plow
29:26 Stone Mining
31:01 Chain Barding Armor
31:32 Stone Shaft Mining
31:49 Husbandry
35:07 Pikeman
39:15 Imperial Age
39:07 Squires
40:10 Cavalier
41:28 Plate Barding Armor
41:18 Conscription
42:55 Two-Man Saw
46:34 Blast Furnace
45:49 Fletching
47:08 Elite War Elephant
49:56 Thumb Ring
50:55 Kamandaran
52:34 Masonry
52:33 Crossbowman
用爱感化队友
10:23 Feudal Age
11:49 Loom
15:17 Castle Age
36:53 Double-Bit Axe
38:45 Wheelbarrow
39:57 Horse Collar
41:24 Fortified Wall
41:45 Bow Saw
42:08 Fletching
42:18 Padded Archer Armor
42:45 Scale Mail Armor
42:56 Forging
46:53 Imperial Age
44:16 Arson
44:18 Gambesons
44:45 Stone Mining
45:45 Chain Mail Armor
46:05 Iron Casting
47:30 Capped Ram
49:37 Plate Mail Armor
49:42 Iron Casting
51:58 Heavy Plow
8316699
6:10 Double-Bit Axe
8:15 Horse Collar
11:38 Feudal Age
15:19 Castle Age
14:46 Bow Saw
14:37 Heavy Plow
16:40 Scale Barding Armor
19:42 Husbandry
20:37 Cavalier
23:53 Forging
24:45 Gold Mining
28:31 Wheelbarrow
30:09 Chain Barding Armor
30:24 Iron Casting
30:26 Gold Shaft Mining
33:20 Imperial Age
32:35 Stone Mining
33:48 Hand Cart
35:17 Fletching
36:03 Plate Barding Armor
36:28 Blast Furnace
35:22 Fletching
36:24 Conscription
36:23 Paladin
38:54 Scale Mail Armor
39:11 Pikeman
39:51 Squires
40:24 Halberdier
41:29 Scale Mail Armor
43:05 Chain Mail Armor
44:21 Capped Ram
45:34 Ballistics
44:54 Treadmill Crane
47:37 Chemistry
46:58 Ballistics
50:29 Plate Mail Armor
49:55 Bodkin Arrow
52:35 Burgundian Vineyards
53:06 Hoardings
51:52 Elite Coustillier
52:53 Masonry
Connection lost

Rejoining the realm…

Still unreachable

The connection could not be restored.

Session expired

The server has moved on; the page needs a fresh start.